[ AOE2 MATCH · #505839346 ]
UnrankedWu vs Persians
Player's team · WIN
Rival team · LOSS
[ REPLAY ANALYSIS · EXTRACTED FROM THE RECORDED GAME ]
Feudal
13:43
Castle
19:07
Imperial
—
| APM avg | 43.5 |
| APM peak | 68 |
| eAPM avg | 18.0 |
| Villagers / military | 65 / 5 |
Focus
⚔️ 35.6% · 🌾 64.4%
Unknown (1974) ×58 · Militia ×5
Feudal
8:58
Castle
20:21
Imperial
—
| APM avg | 45.0 |
| APM peak | 90 |
| eAPM avg | 22.1 |
| Villagers / military | 72 / 33 |
Focus
⚔️ 42.9% · 🌾 57.1%
Archer ×17 · Cavalry Archer ×15 · Monk ×1
Match map
Initial resources + every placement click. Lines = walls · curves = elevation contours. ◆ gold · ⬟ stone · ● berries · ✦ relic · ◌ wall gap
Your base· ✓ Closed at 19:07 · 47t walls · 1 gate(s)
SY_Msfu's base· Open — opponent sealed themselves in
Smoothed initial terrain · ◌ = detected wall gap · hover for details
Inputs per minute
— SaintedByArmor - - SY_Msfu
Build order — SaintedByArmor
First 150 of 208 actions detected
| 0:00 | Create | Villager (Male) |
| 0:01 | Create | Villager (Male) |
| 0:02 | Build | House |
| 0:03 | Build | House |
| 0:14 | Create | Villager (Male) |
| 0:14 | Create | Villager (Male) |
| 1:27 | Create | Villager (Male) |
| 1:56 | Create | Villager (Male) |
| 1:56 | Create | Villager (Male) |
| 2:21 | Create | Villager (Male) |
| 2:39 | Create | Villager (Male) |
| 2:53 | Build | House |
| 3:10 | Create | Villager (Male) |
| 3:19 | Build | Barracks |
| 3:46 | Create | Villager (Male) |
| 3:55 | Build | Barracks |
| 3:58 | Build | Palisade Wall |
| 3:59 | Build | Palisade Wall |
| 4:10 | Create | Villager (Male) |
| 4:28 | Create | Villager (Male) |
| 4:51 | Create | Militia |
| 4:51 | Create | Militia |
| 5:04 | Create | Villager (Male) |
| 5:06 | Create | Militia |
| 5:20 | Build | House |
| 5:26 | Create | Villager (Male) |
| 5:47 | Create | Militia |
| 5:53 | Create | Villager (Male) |
| 5:54 | Build | Mill |
| 6:05 | Create | Militia |
| 6:31 | Create | Villager (Male) |
| 6:35 | Build | House |
| 6:53 | Build | Palisade Wall |
| 6:54 | Build | Palisade Wall |
| 6:58 | Create | Villager (Male) |
| 7:13 | Create | Villager (Male) |
| 7:30 | Create | Villager (Male) |
| 7:40 | Build | Palisade Wall |
| 7:41 | Build | Palisade Wall |
| 7:51 | Create | Villager (Male) |
| 8:06 | Create | Villager (Male) |
| 8:09 | Build | Lumber Camp |
| 8:10 | Create | Villager (Male) |
| 8:14 | Build | Palisade Wall |
| 8:15 | Build | Palisade Wall |
| 8:16 | Build | Palisade Wall |
| 8:17 | Build | Palisade Wall |
| 8:24 | Create | Villager (Male) |
| 8:26 | Build | House |
| 8:31 | Create | Villager (Male) |
| 8:32 | Create | Villager (Male) |
| 9:24 | Create | Villager (Male) |
| 9:27 | Build | House |
| 9:28 | Build | Palisade Wall |
| 9:40 | Create | Villager (Male) |
| 9:43 | Build | House |
| 9:44 | Build | House |
| 9:46 | Build | House |
| 9:47 | Build | House |
| 9:55 | Build | House |
| 9:58 | Create | Villager (Male) |
| 10:00 | Create | Villager (Male) |
| 10:04 | Build | Palisade Wall |
| 10:05 | Build | Palisade Wall |
| 10:20 | Create | Villager (Male) |
| 10:23 | Build | House |
| 10:41 | Build | House |
| 10:43 | Build | Palisade Wall |
| 10:47 | Build | Palisade Wall |
| 10:48 | Build | Palisade Wall |
| 10:53 | Build | Palisade Wall |
| 10:54 | Build | Palisade Wall |
| 11:03 | Build | Farm |
| 11:04 | Create | Villager (Male) |
| 11:23 | Build | House |
| 11:25 | Build | House |
| 11:31 | Research | Feudal Age |
| 11:34 | Build | Palisade Wall |
| 11:36 | Build | Palisade Wall |
| 11:52 | Build | Mining Camp |
| 12:15 | Build | House |
| 12:17 | Build | Palisade Wall |
| 12:32 | Build | Farm |
| 12:54 | Build | Farm |
| 12:59 | Build | House |
| 13:09 | Build | Farm |
| 13:11 | Build | Farm |
| 13:43 | Age | Feudal Age |
| 13:45 | Create | Villager (Male) |
| 13:57 | Build | House |
| 14:08 | Build | Market |
| 14:13 | Create | Villager (Male) |
| 14:39 | Build | Blacksmith |
| 14:40 | Create | Villager (Male) |
| 15:06 | Create | Villager (Male) |
| 15:08 | Build | Farm |
| 15:11 | Build | Farm |
| 15:29 | Create | Villager (Male) |
| 15:30 | Build | Farm |
| 15:38 | Build | Farm |
| 15:54 | Research | Loom |
| 15:59 | Build | Farm |
| 16:06 | Build | Farm |
| 16:27 | Research | Castle Age |
| 16:43 | Research | Double-Bit Axe |
| 17:02 | Build | Barracks |
| 17:29 | Research | Horse Collar |
| 17:32 | Research | Gold Mining |
| 17:54 | Build | Barracks |
| 18:34 | Build | Palisade Gate |
| 18:54 | Create | Villager (Male) |
| 19:07 | Age | Castle Age |
| 19:07 | Create | Unit 1974 ×5 |
| 19:08 | Create | Unit 1974 ×5 |
| 19:08 | Create | Unit 1974 ×3 |
| 19:29 | Build | Lumber Camp |
| 19:31 | Create | Unit 1974 |
| 19:31 | Create | Unit 1974 |
| 19:31 | Create | Unit 1974 |
| 19:35 | Create | Villager (Male) |
| 19:41 | Build | Farm |
| 20:05 | Create | Villager (Male) |
| 20:06 | Create | Unit 1974 |
| 20:07 | Create | Unit 1974 |
| 20:21 | Build | Farm |
| 20:42 | Create | Villager (Male) |
| 20:43 | Create | Unit 1974 |
| 20:43 | Create | Unit 1974 |
| 20:48 | Build | Farm |
| 21:04 | Research | Scale Mail Armor |
| 21:15 | Create | Villager (Male) |
| 21:16 | Build | Farm |
| 21:17 | Create | Unit 1974 |
| 21:18 | Create | Unit 1974 |
| 21:18 | Create | Unit 1974 |
| 21:18 | Create | Unit 1974 |
| 21:39 | Create | Villager (Male) |
| 21:50 | Create | Unit 1974 |
| 21:50 | Create | Unit 1974 |
| 21:50 | Create | Unit 1974 |
| 22:00 | Build | Farm |
| 22:04 | Create | Villager (Male) |
| 22:04 | Create | Villager (Male) |
| 22:10 | Build | Town Center |
| 22:15 | Create | Unit 1974 |
| 22:20 | Build | Farm |
| 22:24 | Create | Villager (Male) |
| 22:37 | Research | Squires |
| 22:38 | Create | Unit 1974 |
| 22:38 | Create | Unit 1974 |
Build order — SY_Msfu
First 150 of 197 actions detected
| 0:01 | Create | Villager (Male) |
| 0:01 | Create | Villager (Male) |
| 0:02 | Build | House |
| 0:03 | Build | House |
| 0:17 | Create | Villager (Male) |
| 0:17 | Create | Villager (Male) |
| 0:21 | Create | Villager (Male) |
| 1:27 | Create | Villager (Male) |
| 1:28 | Create | Villager (Male) |
| 2:04 | Create | Villager (Male) |
| 2:04 | Create | Villager (Male) |
| 2:11 | Create | Villager (Male) |
| 2:15 | Build | Lumber Camp |
| 2:39 | Create | Villager (Male) |
| 2:52 | Create | Villager (Male) |
| 3:27 | Create | Villager (Male) |
| 3:27 | Create | Villager (Male) |
| 3:31 | Build | House |
| 3:39 | Create | Villager (Male) |
| 3:40 | Create | Villager (Male) |
| 3:56 | Research | Loom |
| 4:20 | Create | Villager (Male) |
| 4:51 | Create | Villager (Male) |
| 5:12 | Create | Villager (Male) |
| 5:16 | Build | Mill |
| 5:40 | Create | Villager (Male) |
| 6:01 | Create | Villager (Male) |
| 6:30 | Create | Villager (Male) |
| 6:39 | Build | House |
| 6:40 | Build | Palisade Wall |
| 6:53 | Research | Feudal Age |
| 6:54 | Research | Feudal Age |
| 7:47 | Create | Villager (Male) |
| 7:53 | Create | Villager (Male) |
| 8:08 | Build | Barracks |
| 8:27 | Build | House |
| 8:34 | Build | Mining Camp |
| 8:58 | Age | Feudal Age |
| 9:02 | Build | Archery Range |
| 9:03 | Create | Villager (Male) |
| 9:27 | Build | Mill |
| 9:41 | Build | Mill |
| 9:44 | Create | Archer |
| 9:44 | Create | Villager (Male) |
| 9:59 | Build | House |
| 10:01 | Build | Palisade Wall |
| 10:05 | Build | Palisade Wall |
| 10:08 | Build | Palisade Wall |
| 10:11 | Create | Villager (Male) |
| 10:13 | Build | Palisade Wall |
| 10:16 | Create | Archer |
| 10:22 | Build | Palisade Wall |
| 10:38 | Build | Farm |
| 10:39 | Create | Villager (Male) |
| 10:39 | Create | Villager (Male) |
| 10:49 | Build | Farm |
| 10:58 | Create | Archer |
| 10:58 | Create | Archer |
| 11:02 | Build | House |
| 11:23 | Create | Villager (Male) |
| 11:23 | Create | Villager (Male) |
| 11:33 | Build | Palisade Wall |
| 11:36 | Build | House |
| 11:37 | Build | Palisade Wall |
| 11:52 | Build | Blacksmith |
| 11:52 | Create | Villager (Male) |
| 11:54 | Create | Archer |
| 12:10 | Create | Villager (Male) |
| 12:15 | Build | Farm |
| 12:26 | Create | Archer |
| 12:30 | Build | House |
| 12:33 | Create | Villager (Male) |
| 12:39 | Build | Farm |
| 12:52 | Create | Villager (Male) |
| 12:59 | Create | Archer |
| 13:09 | Build | Farm |
| 13:17 | Create | Villager (Male) |
| 13:20 | Create | Archer |
| 13:46 | Create | Villager (Male) |
| 13:49 | Create | Archer |
| 13:49 | Create | Villager (Male) |
| 13:52 | Build | Farm |
| 13:53 | Build | Farm |
| 14:13 | Build | Farm |
| 14:23 | Research | Double-Bit Axe |
| 14:23 | Create | Villager (Male) |
| 14:43 | Build | House |
| 14:45 | Create | Villager (Male) |
| 14:53 | Create | Villager (Male) |
| 15:03 | Build | Farm |
| 15:11 | Build | House |
| 15:29 | Create | Villager (Male) |
| 15:40 | Create | Villager (Male) |
| 15:43 | Build | Farm |
| 15:44 | Build | Farm |
| 15:49 | Build | Farm |
| 15:50 | Build | Farm |
| 16:05 | Create | Villager (Male) |
| 16:21 | Create | Villager (Male) |
| 16:22 | Create | Archer |
| 16:25 | Build | Farm |
| 16:26 | Build | Farm |
| 16:56 | Create | Archer |
| 17:18 | Create | Villager (Male) |
| 17:35 | Build | Lumber Camp |
| 17:56 | Research | Castle Age |
| 17:56 | Research | Castle Age |
| 17:58 | Create | Archer |
| 18:27 | Build | Archery Range |
| 18:37 | Build | House |
| 18:38 | Build | Palisade Wall |
| 18:38 | Build | Palisade Wall |
| 18:43 | Research | Fletching |
| 18:43 | Research | Fletching |
| 19:01 | Research | Gold Mining |
| 19:01 | Research | Gold Mining |
| 19:15 | Create | Archer |
| 19:24 | Research | Town Watch |
| 19:33 | Build | Palisade Wall |
| 19:34 | Build | House |
| 19:36 | Build | House |
| 19:38 | Build | House |
| 19:40 | Build | House |
| 19:47 | Create | Archer |
| 19:48 | Create | Villager (Male) |
| 20:01 | Build | House |
| 20:05 | Create | Archer |
| 20:05 | Create | Archer |
| 20:07 | Build | House |
| 20:09 | Build | House |
| 20:11 | Build | Palisade Wall |
| 20:21 | Age | Castle Age |
| 20:31 | Build | Town Center |
| 20:41 | Build | Monastery |
| 20:55 | Create | Villager (Male) |
| 21:24 | Build | House |
| 21:25 | Create | Villager (Male) |
| 21:34 | Create | Villager (Male) |
| 21:45 | Create | Villager (Male) |
| 21:46 | Create | Archer |
| 21:50 | Build | House |
| 21:51 | Build | House |
| 21:57 | Create | Monk |
| 21:57 | Create | Villager (Male) |
| 22:08 | Research | Bodkin Arrow |
| 22:09 | Research | Bodkin Arrow |
| 22:23 | Create | Cavalry Archer |
| 22:24 | Create | Cavalry Archer |
| 22:24 | Create | Villager (Male) |
| 22:46 | Build | House |
Match timeline
| 3:19 | SaintedByArmor · first_building Barracks |
| 3:58 | SaintedByArmor · wall_segment Palisade Wall x1 |
| 3:59 | SaintedByArmor · wall_segment Palisade Wall x1 |
| 6:40 | SY_Msfu · wall_segment Palisade Wall x1 |
| 6:53 | SaintedByArmor · wall_segment Palisade Wall x1 |
| 6:54 | SaintedByArmor · wall_segment Palisade Wall x3 |
| 7:40 | SaintedByArmor · wall_segment Palisade Wall x1 |
| 7:41 | SaintedByArmor · wall_segment Palisade Wall x2 |
| 8:08 | SY_Msfu · first_building Barracks |
| 8:14 | SaintedByArmor · wall_segment Palisade Wall x1 |
| 8:15 | SaintedByArmor · wall_segment Palisade Wall x1 |
| 8:16 | SaintedByArmor · wall_segment Palisade Wall x1 |
| 8:17 | SaintedByArmor · wall_segment Palisade Wall x3 |
| 8:58 | SY_Msfu · age_up feudal |
| 9:02 | SY_Msfu · first_building Archery Range |
| 9:28 | SaintedByArmor · wall_segment Palisade Wall x1 |
| 10:01 | SY_Msfu · wall_segment Palisade Wall x1 |
| 10:04 | SaintedByArmor · wall_segment Palisade Wall x1 |
| 10:05 | SaintedByArmor · wall_segment Palisade Wall x3 |
| 10:05 | SY_Msfu · wall_segment Palisade Wall x1 |
| 10:08 | SY_Msfu · wall_segment Palisade Wall x1 |
| 10:13 | SY_Msfu · wall_segment Palisade Wall x1 |
| 10:22 | SY_Msfu · wall_segment Palisade Wall x1 |
| 10:43 | SaintedByArmor · wall_segment Palisade Wall x10 |
| 10:47 | SaintedByArmor · wall_segment Palisade Wall x1 |
| 10:48 | SaintedByArmor · wall_segment Palisade Wall x3 |
| 10:53 | SaintedByArmor · wall_segment Palisade Wall x1 |
| 10:54 | SaintedByArmor · wall_segment Palisade Wall x5 |
| 11:33 | SY_Msfu · wall_segment Palisade Wall x1 |
| 11:34 | SaintedByArmor · wall_segment Palisade Wall x1 |
| 11:36 | SaintedByArmor · wall_segment Palisade Wall x2 |
| 11:37 | SY_Msfu · wall_segment Palisade Wall x1 |
| 12:17 | SaintedByArmor · wall_segment Palisade Wall x4 |
| 13:43 | SaintedByArmor · age_up feudal |
| 15:23 | SaintedByArmor · first_market_sell 100 stone |
| 15:24 | SaintedByArmor · first_market_buy 100 food |
| 18:38 | SY_Msfu · wall_segment Palisade Wall x1 |
| 18:38 | SY_Msfu · wall_segment Palisade Wall x1 |
| 19:07 | SaintedByArmor · age_up castle |
| 19:33 | SY_Msfu · wall_segment Palisade Wall x1 |
| 20:11 | SY_Msfu · wall_segment Palisade Wall x1 |
| 20:21 | SY_Msfu · age_up castle |
| 20:41 | SY_Msfu · first_building Monastery |
| 25:11 | SY_Msfu · wall_segment Palisade Wall x1 |
| 27:51 | SY_Msfu · resign |
[ AI ANALYSIS · 1 CREDIT ]
What really happened in this match?
Wolo.gg analyzes every decision: build order, eco, micro, common mistakes by bracket. Personalized analysis on WhatsApp or Discord in 30 seconds.
Civ guide
Wu
Perfil
Jugador #13797156